 Dungeon Crawl Stone Soup version 0.27.0-66-gdc8fb28755 (webtiles) character file.

Game seed: 6916662616774242376

87560 Naeght the Warrior (level 15, -6/225 HPs)
             Began as a Minotaur Berserker on Aug 19, 2021.
             Was the Champion of Trog.
             Mangled by a +0 battleaxe of freezing (7 damage)
             ... on level 2 of the Orcish Mines.
             The game lasted 01:19:20 (23569 turns).

Naeght the Warrior (Minotaur Berserker)            Turns: 23569, Time: 01:19:23

Health: -6/225     AC: 12    Str: 28      XL:     15   Next: 44%
Magic:  16/23      EV: 13    Int:  5      God:    Trog [******]
Gold:   1300       SH: 16    Dex:  8 (9)  Spells: 14/14 levels left

rFire    + . .     SeeInvis .   q - +6 demon whip (vorpal)
rCold    . . .     Faith    .   c - +2 kite shield {rPois}
rNeg     . . .     Spirit   .   T - +0 troll leather armour
rPois    +         Reflect  .   (helmet restricted)
rElec    +         Harm     .   G - +2 cloak {rCorr}
rCorr    +         Rampage  .   F - +0 pair of gloves
Will     ++...                  h - +1 pair of boots
Stlth    ..........             C - amulet of regeneration
HPRegen  2.47/turn              E - ring "Sin Xagaih" {rF+ Will+}
MPRegen  0.18/turn              B - ring "Torhusuph" {rElec MP+9}

@: berserking (expiring), very quick
A: horns 2, retaliatory headbutt, deterioration 2
a: Renounce Religion, Berserk, Trog's Hand, Brothers in Arms


You were on level 2 of the Orcish Mines.
You worshipped Trog.
Trog was exalted by your worship.
You visited 6 branches of the dungeon, and saw 23 of its levels.
You also visited: Sewer.

You collected 2440 gold pieces.
You spent 1140 gold pieces at shops.

Inventory:

Hand Weapons
 q - a +6 vorpal demon whip (weapon)
 y - the +2 flail of Truncation {flame, rF+}
   (Trog gifted it to you on level 12 of the Dungeon)

   It burns those it strikes, dealing additional fire damage.
   rF:        It protects you from fire.
 A - the +3 flail of Itryixudgh {vorpal, rC+}
   (Trog gifted it to you on level 8 of the Dungeon)

   It inflicts extra damage upon your enemies.
   rC:        It protects you from cold.
 S - a +0 giant club
Missiles
 K - 2 throwing nets
Armour
 c - a +2 kite shield of poison resistance (worn)
 h - a +1 pair of boots (worn)
 r - the +3 hat of Pondering {ponderous, Will+ MP+10 Int+5}
   (You took it off Gastronok on level 11 of the Dungeon)

   Int:       It affects your intelligence (+5).
   MP:        It affects your magic capacity (+10).
   Will:      It increases your willpower.
 F - a +0 pair of gloves (worn)
 G - a +2 cloak of preservation (worn)
 T - a +0 troll leather armour (worn)
Jewellery
 o - a ring of positive energy
 B - the ring "Torhusuph" (right hand) {rElec MP+9}
   (You acquired it on level 6 of the Lair of Beasts)

   [ring of magical power]

   rElec:     It insulates you from electricity.
   MP:        It affects your magic capacity (+9).
 C - an amulet of regeneration (around neck)
 E - the ring "Sin Xagaih" (left hand) {rF+ Will+}
   (You acquired it on level 4 of the Lair of Beasts)

   [ring of willpower]

   rF:        It protects you from fire.
   Will:      It increases your willpower.
 P - a +4 ring of protection
Wands
 s - a wand of flame (95) (quivered)
 x - a wand of polymorph (18)
 D - a wand of acid (10)
 M - a wand of iceblast (37)
 N - a wand of digging (9)
 Q - a wand of charming (14)
 R - a wand of paralysis (7)
Scrolls
 d - 2 scrolls of magic mapping
 e - a scroll of holy word
 g - 3 scrolls of enchant armour
 n - 7 scrolls of teleportation
 p - a scroll of enchant weapon
 t - 4 scrolls of fog
 w - 3 scrolls of identify
 H - a scroll of blinking
 J - 2 scrolls of summoning
 O - 2 scrolls of fear
Potions
 a - 3 potions of flight
 f - a potion of mutation
 i - a potion of cancellation
 j - 9 potions of might
 k - 2 potions of lignification
 l - 9 potions of curing
 m - 5 potions of haste
 u - a potion of resistance
 v - 5 potions of heal wounds
 z - 2 potions of invisibility
 L - a potion of ambrosia
Miscellaneous
 b - a condenser vane
 I - a piece from Xom's chessboard (15/15)


   Skills:
 + Level 18.5 Fighting
 + Level 15.3 Maces & Flails
 - Level 7.0 Armour
 + Level 8.1 Dodging
 - Level 15.0 Shields
 + Level 9.3 Evocations


You had 14 spell levels left.
You didn't know any spells.
Your spell library was empty.

Dungeon Overview and Level Annotations

Branches:
Dungeon (12/15)            Temple (1/1) D:7            Lair (6/6) D:10
 Shoals (0/4) Lair:4        Snake (0/4) Lair:4        Slime (1/5) Lair:6
    Orc (2/2) D:12            Elf (1/3) Orc:2         Sewer (visited)

Altars:
Dithmenos
Elyvilon
Fedhas
Gozag
Okawaru
Qazlal
Ru
Trog
Xom
The Shining One
Beogh

Shops:
D:7 **   D:10 [   Orc:1 *?   Orc:2 ((:(!

Annotations:
Lair:5 2 transporters


Innate Abilities, Weirdness & Mutations

You have a pair of horns on your head.
You reflexively headbutt those who attack you in melee.
Your body often deteriorates upon taking damage.


Message History

The +3 scimitar of freezing freezes you.
* * * LOW HITPOINT WARNING * * *
You block the +0 battleaxe of freezing's attack.
The deep elf zephyrmancer gestures at you while chanting.
The bolt of lightning misses you.
You barely miss the deep elf zephyrmancer.
The deep elf zephyrmancer is severely wounded.
You block the +3 scimitar of freezing's attack.
You whack the deep elf zephyrmancer!
You kill the deep elf zephyrmancer!
Trog accepts your kill.
Trog appreciates your killing of a magic user.
The +0 battleaxe of freezing misses you.
The +3 scimitar of freezing hits you!
* * * LOW HITPOINT WARNING * * *
The +3 scimitar of freezing freezes you.
* * * LOW HITPOINT WARNING * * *
You see here a +0 long sword.
There are monsters nearby!
There are monsters nearby!
There are monsters nearby!
There are monsters nearby!
There are monsters nearby!
There are monsters nearby!
There are monsters nearby!
You feel a strong urge to attack something.
You block the +3 scimitar of freezing's attack.
The +0 battleaxe of freezing hits you.
* * * LOW HITPOINT WARNING * * *
The +0 battleaxe of freezing freezes you.
* * * LOW HITPOINT WARNING * * *
There is a staircase to the Elven Halls, spattered with blood here.
You miss the +0 battleaxe of freezing.
You headbutt the +0 battleaxe of freezing!
The +0 battleaxe of freezing is moderately damaged.
You block the +3 scimitar of freezing's attack.
The +0 battleaxe of freezing hits you!!
* * * LOW HITPOINT WARNING * * *
The +0 battleaxe of freezing freezes you!
You die...

#.##....##...##
#####....#....#
#.#.......## ###
####.....##
..#######.....##
..#..##........#
.....##......###
##..###...#....####
#.........#....[@)##
####...#####...((..#
#.#.(....##.....####
#<........#.....#
[[...#....#..####
.[..####......#
...## #.#...### ..##
####..# .<# ####


You could see 2 dancing weapons.

Vanquished Creatures
  Gastronok (D:11)
  An orc warlord (Orc:1)
  Josephine (Lair:6)
  The ghost of Awny the Thaumaturge, a journeyman DjAE of Nemelex Xobeh (Lair:6)
  6 hydras
  2 ogre magi (Orc:2)
  A catoblepas (Lair:3)
  11 two-headed ogres
  The ghost of canonizer the Blocker, a journeyman GrBe of Trog (Orc:1)
  An alligator (Lair:6)
  5 death yaks
  2 fire crabs (Lair:6)
  2 deep trolls (Orc:2)
  A deep elf archer (Elf:1)
  3 orc sorcerers (Orc:1)
  3 deep elf zephyrmancers (Orc:2)
  A wolf spider (Lair:6)
  An ugly thing (D:12)
  6 cyclopes
  2 oklob plants (Lair:1)
  17 elephants
  2 manticores (D:11)
  A guardian serpent (Lair:6)
  10 black mambas
  Joseph (D:8)
  4 centaur zombies
  A moth of wrath (D:12)
  16 cane toads
  2 unseen horrors
  A kobold demonologist (D:12)
  A rime drake (shapeshifter) (Elf:1)
  9 komodo dragons
  3 rime drakes
  The ghost of zdrol the Shield-Bearer, an amateur MiFi (D:4)
  16 trolls
  10 polar bears
  3 hornets
  14 blink frogs
  2 raiju (Lair:6)
  A snapping turtle (Lair:4)
  6 dream sheep
  6 slime creatures
  Sigmund (D:6)
  6 wraiths
  3 redbacks (Lair:6)
  A water elemental (D:12)
  12 wyverns
  4 basilisks
  29 yaks
  A steam dragon (D:8)
  2 vampire mosquitoes (D:6)
  10 wargs
  Edmund (D:6)
  4 nagas (Lair:4)
  2 acid dragons
  13 hell hounds (Lair:6)
  24 water moccasins
  13 orc warriors
  13 black bears
  An ice beast (D:6)
  17 wolves
  27 ogres
  6 necrophages
  6 centaurs
  8 kobold brigands
  13 bullfrogs
  Blork the orc (D:5)
  2 gnoll sergeants
  2 scorpions
  A wyvern zombie (D:8)
  A water moccasin skeleton (D:5)
  14 killer bees
  7 electric eels
  3 howler monkeys (D:6)
  A bullfrog zombie (D:5)
  10 orc priests
  3 hounds
  2 jellies
  18 orc wizards
  A killer bee zombie (D:6)
  6 gnolls
  14 adders
  2 shadow imps
  2 white imps (D:6)
  An adder skeleton (D:4)
  5 worms
  57 orcs
  6 endoplasms
  6 giant cockroaches
  11 goblins
  10 hobgoblins
  36 jackals
  3 quokkas
  16 ball pythons
  6 bats
  9 frilled lizards
  21 kobolds
  11 rats
  A bush (D:8)
685 creatures vanquished.

Vanquished Creatures (collateral kills)
  A cane toad (Lair:6)
  2 redbacks (Lair:6)
  An orc warrior (Orc:1)
  2 orc priests (Orc:1)
  An orc wizard (Orc:1)
7 creatures vanquished.

Vanquished Creatures (others)
  A black bear (Lair:6)
  20 fungi
  92 plants
113 creatures vanquished.

Grand Total: 805 creatures vanquished

Notes
Turn   | Place    | Note
-------+----------+-------------------------------------------
     0 | D:1      | Naeght the Minotaur Berserker began the quest for the Orb.
     0 | D:1      | Reached XP level 1. HP: 19/19 MP: 0/0
   116 | D:1      | Found a faded altar of an unknown god.
   125 | D:1      | Reached XP level 2. HP: 17/26 MP: 1/1
   330 | D:1      | Reached ** piety under Trog
   331 | D:1      | Reached skill level 5 in Maces & Flails
   828 | D:1      | Reached XP level 3. HP: 31/31 MP: 2/2
  2194 | D:2      | Reached XP level 4. HP: 39/39 MP: 3/3
  2672 | D:2      | Reached *** piety under Trog
  3196 | D:3      | Reached XP level 5. HP: 37/45 MP: 4/4
  3306 | D:3      | Found a stormy altar of Qazlal.
  3306 | D:3      | Noticed a water elemental
  3338 | D:3      | Noticed a fire elemental
  3338 | D:3      | Noticed an air elemental
  3922 | D:3      | Found a shimmering altar of Xom.
  3922 | D:3      | Found an iron altar of Okawaru.
  4577 | D:4      | Found a white marble altar of Elyvilon.
  4618 | D:4      | Reached XP level 6. HP: 51/51 MP: 5/5
  4761 | D:4      | Found a runed translucent door.
  4761 | D:4      | Noticed zdrol's ghost (amateur MiFi)
  4775 | D:4      | Killed zdrol's ghost
  4776 | D:4      | Reached XP level 7. HP: 57/57 MP: 6/6
  5207 | D:5      | Entered Level 5 of the Dungeon
  5229 | D:5      | Reached skill level 5 in Armour
  5332 | D:5      | Reached **** piety under Trog
  5788 | D:5      | Noticed Blork the orc
  5797 | D:5      | Killed Blork the orc
  5798 | D:5      | Reached skill level 10 in Maces & Flails
  5818 | D:5      | Reached XP level 8. HP: 40/66 MP: 7/7
  6038 | D:5      | Reached skill level 4 in Fighting
  6108 | D:5      | Found a glowing golden altar of the Shining One.
  6390 | D:6      | Identified a scroll of acquirement
  6395 | D:6      | Acquired a +2 kite shield of poison resistance
  6510 | D:6      | Reached skill level 1 in Shields
  6513 | D:6      | Reached skill level 5 in Fighting
  6666 | D:6      | Noticed Edmund
  6679 | D:6      | Killed Edmund
  6783 | D:6      | Found a glowing drain.
  6787 | Sewer    | Entered a sewer
  7655 | D:6      | Reached XP level 9. HP: 68/74 MP: 8/8
  7972 | D:6      | Noticed Sigmund
  7984 | D:6      | Killed Sigmund
  7985 | D:6      | Reached skill level 6 in Fighting
  7985 | D:6      | Reached skill level 5 in Shields
  8185 | D:7      | Found a staircase to the Ecumenical Temple.
  8540 | D:7      | Reached ***** piety under Trog
  8769 | D:7      | Found Izyesen's General Store.
  8770 | D:7      | Found Col Sozxu's Specific Store.
  8942 | D:8      | Reached skill level 7 in Fighting
  8998 | D:8      | Reached XP level 10. HP: 86/86 MP: 9/9
  9001 | D:8      | Identified the +1 robe of the Ecumenical Temple {Rampage}
  9091 | Temple   | Entered the Ecumenical Temple
  9116 | D:8      | Noticed Joseph
  9124 | D:8      | Killed Joseph
  9285 | D:8      | Found a sacrificial altar of Ru.
  9372 | D:8      | Identified the +3 flail of Itryixudgh {vorpal, rC+} (Trog
                  | gifted it to you on level 8 of the Dungeon)
  9372 | D:8      | Received a gift from Trog
  9941 | D:8      | Found a blossoming altar of Fedhas.
 10103 | D:8      | Reached skill level 8 in Fighting
 10431 | D:9      | Found a shadowy altar of Dithmenos.
 11405 | D:7      | Bought a +2 cloak of preservation for 344 gold pieces
 11405 | D:7      | Bought a scroll of blinking for 120 gold pieces
 11475 | D:10     | Entered Level 10 of the Dungeon
 11475 | D:10     | Found Cabberi's Antique Armour Emporium.
 11644 | D:10     | Found a staircase to the Lair.
 12177 | Lair:1   | Entered Level 1 of the Lair of Beasts
 12185 | Lair:1   | Reached skill level 10 in Shields
 12194 | Lair:1   | Noticed a cane toad
 12200 | Lair:1   | Killed a cane toad
 12257 | Lair:1   | Reached XP level 11. HP: 92/95 MP: 10/10
 12272 | Lair:1   | Reached skill level 9 in Fighting
 12754 | Lair:1   | Noticed an oklob plant
 12754 | Lair:1   | Noticed an oklob plant
 12768 | Lair:1   | Reached skill level 1 in Evocations
 12826 | Lair:1   | Killed an oklob plant
 12832 | Lair:1   | Killed an oklob plant
 13210 | Lair:2   | Reached skill level 10 in Fighting
 13439 | Lair:2   | Noticed a four-headed hydra
 13450 | Lair:2   | Killed a four-headed hydra
 13800 | Lair:3   | Noticed a four-headed hydra
 13807 | Lair:3   | Killed a four-headed hydra
 13808 | Lair:3   | Reached XP level 12. HP: 83/108 MP: 11/11
 14042 | Lair:3   | Reached skill level 11 in Fighting
 14104 | Lair:3   | Received a gift from Trog
 14363 | Lair:3   | Noticed a seven-headed hydra
 14370 | Lair:3   | Killed a seven-headed hydra
 14475 | Lair:3   | Noticed a death yak
 14482 | Lair:3   | Noticed a five-headed hydra
 14484 | Lair:3   | Killed a death yak
 14485 | Lair:3   | Reached skill level 5 in Evocations
 14491 | Lair:3   | Killed a five-headed hydra
 14494 | Lair:3   | Noticed a catoblepas
 14504 | Lair:3   | Killed a catoblepas
 14892 | Lair:4   | Found a staircase to the Snake Pit.
 14909 | Lair:4   | Reached skill level 12 in Fighting
 15904 | Lair:4   | Found a staircase to the Shoals.
 15955 | Lair:5   | Noticed a catoblepas
 15955 | Lair:5   | Noticed a death yak
 15955 | Lair:5   | Noticed a death yak
 15955 | Lair:5   | Noticed a death yak
 15955 | Lair:5   | Noticed a death yak
 15955 | Lair:5   | Noticed a death yak
 15955 | Lair:5   | Noticed a death yak
 15973 | Lair:4   | Killed a death yak
 15978 | Lair:4   | Killed a death yak
 16238 | Lair:4   | Acquired the ring "Sin Xagaih" {rF+ Will+}
 16331 | Lair:5   | Reached XP level 13. HP: 103/119 MP: 12/12
 16340 | Lair:5   | Reached skill level 13 in Fighting
 16696 | Lair:5   | Found a transporter.
 16718 | Lair:5   | Found a transporter.
 17519 | Lair:6   | Entered Level 6 of the Lair of Beasts
 17639 | Lair:6   | Reached skill level 14 in Fighting
 17713 | Lair:6   | Identified the +1 dagger "Johelo" {distort, Contam rF+
                  | rCorr}
 17810 | Lair:6   | Noticed Josephine
 17826 | Lair:6   | Killed Josephine
 17832 | Lair:6   | Reached skill level 5 in Dodging
 17843 | Lair:6   | Received a gift from Trog
 18109 | Lair:6   | Reached skill level 15 in Fighting
 18319 | Lair:6   | Reached skill level 15 in Shields
 18331 | Lair:6   | Reached XP level 14. HP: 135/135 MP: 13/13
 18335 | Lair:6   | Found a staircase to the Slime Pits.
 18727 | Lair:6   | Received a gift from Trog
 18816 | Lair:6   | Reached skill level 16 in Fighting
 19048 | Lair:6   | Found a runed translucent door.
 19049 | Lair:6   | Noticed Awny's ghost (journeyman DjAE)
 19068 | Lair:6   | Killed Awny's ghost
 19493 | Slime:1  | Entered Level 1 of the Pits of Slime
 19493 | Slime:1  | Noticed an acid blob
 19495 | Slime:1  | Gained mutation: Your body sometimes deteriorates upon
                  | taking damage. [a shining eye]
 19498 | Slime:1  | Gained mutation: You sometimes lose the ability to read
                  | scrolls when taking damage. [a shining eye]
 20088 | D:11     | Noticed Gastronok
 20104 | D:11     | Killed Gastronok
 20349 | D:11     | Reached skill level 17 in Fighting
 20766 | D:12     | Found a bloodstained altar of Trog.
 21172 | D:7      | Identified the +2 hand axe of the New World {flame, rC++
                  | Stlth+}
 21450 | D:12     | Found a staircase to the Orcish Mines.
 21504 | D:12     | Identified the +2 flail of Truncation {flame, rF+} (Trog
                  | gifted it to you on level 12 of the Dungeon)
 21504 | D:12     | Received a gift from Trog
 22012 | Orc:1    | Entered Level 1 of the Orcish Mines
 22018 | Orc:1    | Noticed an orc warlord
 22036 | Orc:1    | Found a runed translucent gate.
 22036 | Orc:1    | Found a runed translucent gate.
 22036 | Orc:1    | Found a runed translucent gate.
 22036 | Orc:1    | Found an opulent altar of Gozag.
 22038 | Orc:1    | Found Wouhor's Assorted Antiques.
 22038 | Orc:1    | Noticed canonizer's ghost (journeyman GrBe)
 22101 | Orc:1    | Gained mutation: You are occasionally teleported next to
                  | monsters. [a neqoxec]
 22285 | Orc:1    | Killed canonizer's ghost
 22309 | Orc:1    | Bought a potion of curing for 108 gold pieces
 22309 | Orc:1    | Bought a potion of heal wounds for 180 gold pieces
 22309 | Orc:1    | Bought a wand of charming (6) for 72 gold pieces
 22381 | Orc:1    | Killed an orc warlord
 22402 | Orc:1    | Reached XP level 15. HP: 148/148 MP: 14/14
 22470 | Orc:1    | Found Tuyzoom's Magic Scroll Boutique.
 22483 | Orc:1    | Bought a scroll of identify for 26 gold pieces
 22483 | Orc:1    | Bought a scroll of fear for 45 gold pieces
 22483 | Orc:1    | Bought a scroll of fog for 26 gold pieces
 22483 | Orc:1    | Bought a scroll of teleportation for 39 gold pieces
 22636 | Orc:1    | Lost mutation: You sometimes lose the ability to read
                  | scrolls when taking damage. [potion of mutation]
 22636 | Orc:1    | Lost mutation: You are occasionally teleported next to
                  | monsters. [potion of mutation]
 22636 | Orc:1    | Gained mutation: Your body often deteriorates upon taking
                  | damage. [potion of mutation]
 22659 | Orc:2    | Entered Level 2 of the Orcish Mines
 22882 | Orc:2    | Found a staircase to the Elven Halls.
 23007 | Orc:2    | Found Ziuhuono's Book Shoppe.
 23049 | Orc:2    | Reached skill level 18 in Fighting
 23053 | Orc:2    | Reached skill level 15 in Maces & Flails
 23215 | Orc:2    | Found Hirphaekh's Antique Weapon Shoppe.
 23221 | Orc:2    | Found Ucloc's Weapon Boutique.
 23229 | Orc:2    | Reached ****** piety under Trog
 23273 | Orc:2    | Found Devogiuj's Weapon Emporium.
 23355 | Orc:2    | Found Hyalius's Distillery.
 23363 | Orc:2    | Bought a potion of might for 60 gold pieces
 23363 | Orc:2    | Bought a potion of cancellation for 120 gold pieces
 23494 | Elf:1    | Entered Level 1 of the Elven Halls
 23550 | Orc:2    | Acquired the ring "Torhusuph" {rElec MP+9}
 23569 | Orc:2    | HP: 1/225 [+0 battleaxe of freezing (22)]
 23569 | Orc:2    | Mangled by a +0 battleaxe of freezing

Illustrated notes

Levels and vault maps discovered:
D:1:      dpeg_arrival_arbitrary_b, layout_basic,
          shapermc_ecumenical_altar_totnotflames
D:2:      layout_basic, serial_curves, eino_curves_01, eino_curves_04,
          eino_curves_04
D:3:      layout_basic, gammafunk_temple_overflow_wave,
          nicolae_qazlal_style_of_elements
D:4:      layout_loops_ring, nicolae_elyvilon_peaceful_grove,
          gammafunk_ghost_grave, minmay_snake_closets
D:5:      layout_loops_ring, mainiacjoe_overflow_surrounded_room,
          uniq_blork_the_orc
D:6:      layout_basic, gup_sewer_entry_spiral, kennysheep_generic_room_8,
          uniq_sigmund, uniq_edmund
D:7:      layout_cave_pools, minmay_temple_entry_large_hall,
          nicolae_specific_store
D:8:      layout_basic, nicolae_ru_great_annihilating_truth,
          fedhas_altar_decomposition, uniq_joseph
D:9:      layout_gridville, nicolae_dithmenos_through_a_glass_darkly,
          amethyst_killhole
D:10:     layout_gridville, lair_entry_dummy, serial_shops, shop
D:11:     layout_loops_ring, minmay_misc_feat_pillars, uniq_gastronok
D:12:     layout_basic, kennysheep_orc_monster_closet_entryway,
          minmay_strange_pillars, corexii_leaking_fountain, tgw_trog
Temple:   eino_temple_water
Lair:1:   layout_small_grid, serial_bayou_lagoon_a, minmay_lair_oklob_chamber
Lair:2:   layout_loops_ring, minmay_holes
Lair:3:   nzn_winding_woodlands_cross [nzn_winding_woodlands_5x15_pool,
          nzn_winding_woodlands_5x15_sidewinder,
          nzn_winding_woodlands_5x15_twine, nzn_winding_woodlands_5x15_crooked,
          nzn_winding_woodlands_15x15_thick_spiral], layout_gridlike
Lair:4:   layout_cave_pods, minmay_shoals_entry_hut,
          minmay_snake_entry_guardpost_medium
Lair:5:   gammafunk_worm_tunnel, layout_cave_pods, minivault_27,
          lemuel_fruit_tree
Lair:6:   hangedman_lair_caniforms_friends, layout_regular_city,
          hangedman_lair_tendril_chambers, slime_dummy,
          ebering_ghost_inner_flame, minmay_stone_trees_medium, uniq_josephine
Slime:1:  layout_caves, cheibrodos_slime_lost_civilization_5
Orc:1:    layout_diamond_mine, serial_shops, shop, basic_altar,
          ebering_ghost_gozag
Orc:2:    st_orc_open, layout_diamond_mine, serial_shops, shop
Elf:1:    minmay_elf_arrival_plus, layout_gridlike, mu_enter_wizlab_1,
          minmay_elf_annihilation, grunt_ministairs_8, minivault_27,
          grunt_megastairs_5, lemuel_upstairs_altar

Skill      XL: |  1  2  3  4  5  6  7  8  9 10 11 12 13 14 15 |
---------------+----------------------------------------------+-----
Maces & Flails | 4 5 6 7 8 10 11 12 14 15 | 15.3
Armour         | 3 4 6 7 |  7.0
Fighting       | 5 7 8 10 12 15 17 18 | 18.5
Shields        | 3 7 10 13 14 15 | 15.0
Evocations     | 4 7 8 9 |  9.3
Dodging        | 6 8 |  8.1

Action                   |  1- 3 |  4- 6 |  7- 9 | 10-12 | 13-15 || total
-------------------------+-------+-------+-------+-------+-------++-------
Melee: Mace              |   106 |   120 |   204 |       |       ||   430
       Headbutt          |    12 |    13 |    56 |   129 |   259 ||   469
       Flail             |       |       |   138 |   588 |   312 ||  1038
       Demon whip        |       |       |       |       |   808 ||   808
Invok: Berserk           |     1 |     2 |     6 |     8 |     2 ||    19
       Trog's Hand       |       |       |     2 |     3 |     5 ||    10
       Brothers in Arms  |       |       |       |       |     2 ||     2
Evoke: Wand              |       |       |       |       |    18 ||    18
       Piece from Xom's  |       |       |       |       |     1 ||     1
       Condenser vane    |       |       |       |       |     1 ||     1
  Use: Scroll            |       |       |     9 |    14 |     8 ||    31
       Potion            |       |       |     1 |     1 |     1 ||     3
 Stab: Sleeping          |     1 |       |       |       |       ||     1
Armor: Animal skin       |    20 |     1 |       |       |       ||    21
       Ring mail         |       |    51 |   127 |   127 |   219 ||   524
       Skin              |       |       |    32 |       |       ||    32
       Troll leather arm |       |       |       |       |     7 ||     7
Dodge: Dodged            |    85 |   102 |   145 |   151 |   267 ||   750
Block: Kite shield       |       |       |   165 |   357 |   578 ||  1100
